 Dungeon Crawl Stone Soup version 0.27-a0-46-g34d46f0a3f (webtiles) character file.

Game seed: 2272609084047077753

266 Borgoz the Skirmisher (level 6, -2/44 HPs)
             Began as a Halfling Fighter on Jan 6, 2021.
             Killed from afar by an orc wizard (12 damage)
             ... with a magic dart
             ... on level 4 of the Dungeon.
             The game lasted 00:03:08 (3158 turns).

Borgoz the Skirmisher (Halfling Fighter)            Turns: 3158, Time: 00:03:09

Health: -2/44      AC:  7    Str: 18    XL:     6   Next: 44%
Magic:  6/6        EV:  9    Int:  6    God:
Gold:   94         SH: 11    Dex: 21    Spells: 5/5 levels left

rFire    . . .     SeeInvis .   a - +0 long sword
rCold    . . .     Faith    .   c - +0 kite shield
rNeg     . . .     Spirit   .   m - +0 scale mail
rPois    .         Reflect  .   (no helmet)
rElec    .         Harm     +   e - scarf {harm}
rCorr    .         Rampage  .   (no gloves)
Will     .....                  (no boots)
Stlth    ..........             (no amulet)
HPRegen  0.14/turn              l - +6 ring of dexterity
MPRegen  0.10/turn              (no ring)

@: no status effects
A: small, mutation resistance 1
a: no special abilities


You were on level 4 of the Dungeon.
You visited 1 branch of the dungeon, and saw 4 of its levels.

You collected 94 gold pieces.

Inventory:

Hand Weapons
 a - a +0 long sword (weapon)
 b - a +1 dagger of venom
Armour
 c - a +0 kite shield (worn)
 e - a scarf of harm (worn)
 m - a +0 scale mail (worn)
Jewellery
 l - a +6 ring of dexterity (left hand)
Wands
 j - a wand of acid (7)
 s - a wand of iceblast (7)
 t - a wand of digging (1)
Scrolls
 f - 2 scrolls of blinking {unknown}
 o - 3 scrolls of teleportation
 p - 2 scrolls of remove curse
 q - a scroll of random uselessness {unknown}
 r - a scroll of magic mapping {unknown}
 x - a scroll of fog {unknown}
Potions
 d - 2 potions of might
 g - a potion of lignification
 h - a potion of haste {unknown}
 i - 2 potions of curing
 k - 2 potions of flight
 n - a potion of ambrosia
 u - a potion of mutation {unknown}
 v - 2 potions of brilliance {unknown}
 w - a potion of magic {unknown}


   Skills:
 * Level 4.4 Fighting
 + Level 2.8(3.3) Short Blades
 - Level 2.0(2.5) Long Blades
 + Level 4.3 Armour
 + Level 4.4 Shields


You had 5 spell levels left.
You didn't know any spells.
Your spell library was empty.

Dungeon Overview and Level Annotations

Branches:
Dungeon (4/15)             Temple (0/1) D:4

Altars:
Gozag
Nemelex Xobeh
Wu Jian
Zin


Innate Abilities, Weirdness & Mutations

You are small and have problems with some larger weapons.
You are somewhat resistant to further mutation.


Message History

Reactivating autopickup.
The orc wizard barely misses you.
You closely miss the orc wizard.
The orc wizard is severely wounded.
The orc wizard hits you but does no damage. x2
You miss the orc wizard.
The orc wizard is heavily wounded.
The orc wizard hits you but does no damage.
You closely miss the orc wizard.
The orc wizard is heavily wounded.
The orc wizard gestures at you while chanting.
The magic dart hits you.
* * * LOW HITPOINT WARNING * * *
You barely miss the orc wizard.
The orc wizard is heavily wounded.
The orc wizard hits you with a +0 dagger.
* * * LOW HITPOINT WARNING * * *
The orc wizard points at you and mumbles some strange words.
The magic dart hits you!
You die...

...........###
#....###....
...........#....
..#. #.....
...........+... .
...........#...
#.#
#####......#...
##.# #.........##
...## #.......#..
.....#
#.........##..>..#
#......##.@#......
#...<....o.##...##
#.........).# ##
#......)....#.#.
#######..)......
+))....#.#
#........#
.......#...
≈≈......+....


You could see an orc wizard.

Vanquished Creatures
  A bullfrog skeleton (D:4)
  A centaur skeleton (D:4)
  3 orc wizards
  6 adders
  3 worms
  A dart slug (D:1)
  A leopard gecko (D:4)
  12 orcs
  A giant cockroach (D:2)
  7 goblins
  4 hobgoblins
  3 jackals (D:2)
  3 bats
  6 frilled lizards
  7 kobolds
  8 rats
67 creatures vanquished.

Notes
Turn   | Place    | Note
-------+----------+-------------------------------------------
     0 | D:1      | Borgoz the Halfling Fighter began the quest for the Orb.
     0 | D:1      | Reached XP level 1. HP: 15/15 MP: 1/1
   259 | D:1      | Reached XP level 2. HP: 20/20 MP: 2/2
   614 | D:1      | Reached skill level 1 in Short Blades
   866 | D:1      | Reached XP level 3. HP: 26/26 MP: 3/3
  1548 | D:2      | Found an opulent altar of Gozag.
  1811 | D:2      | Found a glowing silver altar of Zin.
  1911 | D:3      | Reached XP level 4. HP: 25/31 MP: 4/4
  2485 | D:3      | Reached XP level 5. HP: 31/37 MP: 5/5
  2904 | D:4      | Found an ornate altar of the Wu Jian Council.
  2905 | D:4      | Found a sparkling altar of Nemelex Xobeh.
  2919 | D:4      | Reached XP level 6. HP: 40/43 MP: 6/6
  3118 | D:4      | Found a staircase to the Ecumenical Temple.
  3158 | D:4      | Killed from afar by an orc wizard

Illustrated notes

Levels and vault maps discovered:
D:1:      lemuel_arrival_lava_pool, layout_basic, minivault_23
D:2:      layout_loops_ring, pdpol_temple_overflow_zin_treasury_gozag_greed
D:3:      layout_rooms
D:4:      layout_gridville, elyvilon_altar_3, grunt_temple_overflow_open,
          minmay_temple_entry_slanted, fedhas_ov_isle_minmay,
          uniq_crazy_yiuf_cottage

Skill      XL: |  1  2  3  4  5 |
---------------+----------------+-----
Fighting       | 3 4 |  4.4
Short Blades   | 1 2 |  2.8
Armour         | 4 |  4.3
Shields        | 4 |  4.4
Long Blades    | |  2.0

Action                   |  1- 3 |  4- 6 || total
-------------------------+-------+-------++-------
Melee: Long sword        |    88 |   120 ||   208
  Use: Scroll            |     4 |     3 ||     7
Armor: Scale mail        |    31 |    61 ||    92
Dodge: Dodged            |    22 |    36 ||    58
Block: Kite shield       |    46 |    57 ||   103
       Rpst.: Long sword |     7 |     9 ||    16

Table legend: (Time is in decaauts)
 A = Elapsed time spent in this place.
 B = Non-inter-level travel time spent in this place.
 C = Inter-level travel time spent in this place.
 D = Time resting spent in this place.
 E = Time spent auto-exploring this place.
 F = Levels seen in this place.
 G = Mean time per level.
                   A        B        C        D        E       F      G
               +--------+--------+--------+--------+--------+-----+--------+
         Total |   3232 |   3043 |    189 |    114 |   2419 |   4 |  808.0 |
       Dungeon |   3232 |   3043 |    189 |    114 |   2419 |   4 |  808.0 |
               +--------+--------+--------+--------+--------+-----+--------+

Top non-repeatable levels by time:
     D:1: 1015 daAuts
     D:3: 995 daAuts
     D:2: 890 daAuts
     D:4: 330 daAuts
